 Dungeon Crawl Stone Soup version 0.27-a0-686-gaed091b46b (webtiles) character file.

Game seed: 1915041796427521296

6 jasper the Sneak (level 1, -1/18 HPs)
             Began as a Demonspawn Delver on Mar 21, 2021.
             Slain by a hound (2 damage)
             ... on level 4 of the Dungeon.
             The game lasted 00:01:37 (418 turns).

jasper the Sneak (Demonspawn Delver)                 Turns: 418, Time: 00:01:38

Health: -1/18      AC:  3    Str: 12    XL:     1   Next: 75%
Magic:  1/1        EV: 11    Int: 11    God:
Gold:   13         SH:  3    Dex: 14    Spells: 0/0 levels left

rFire    . . .     SeeInvis .   a - +0 hand axe
rCold    . . .     Faith    .   h - +0 buckler
rNeg     . . .     Spirit   .   b - +0 leather armour
rPois    .         Reflect  .   (no helmet)
rElec    .         Harm     .   (no cloak)
rCorr    .         Rampage  .   (no gloves)
Will     .....                  (no boots)
Stlth    ++........             (no amulet)
HPRegen  0.06/turn              (no ring)
MPRegen  0.07/turn              (no ring)

@: no status effects
A: no striking features
a: no special abilities


You were on level 4 of the Dungeon.
You visited 1 branch of the dungeon, and saw 3 of its levels.

You collected 13 gold pieces.

Inventory:

Hand Weapons
 a - a +0 hand axe (weapon)
Armour
 b - a +0 leather armour (worn)
 h - a +0 buckler (worn)
Wands
 g - a wand of digging (1)
Scrolls
 c - a scroll of fog
 d - a scroll of magic mapping


   Skills:
 + Level 3.0 Fighting
 * Level 2.0 Axes
 + Level 0.2 Armour
 + Level 1.8 Dodging
 - Level 4.5 Stealth
 + Level 0.2 Shields


You couldn't memorise any spells.
You didn't know any spells.
Your spell library was empty.

Dungeon Overview and Level Annotations

Branches:
Dungeon (5/15)
 Temple: D:4-7

Altars:


Message History

The hound barks!
You aren't carrying any potions.
Okay, then.
Okay, then.
Unknown command.
Okay, then.
Unknown command.
You barely miss the hound. The hound bites you. The hound barely misses you.
You take 5 damage, and have 12/18 hp.
MASSIVE DAMAGE!!
You hit the hound.
The hound is moderately wounded.
You block the hound's attack. The hound closely misses you.
You hit the hound.
The hound is heavily wounded.
The hound bites you.
You take 5 damage, and have 7/18 hp.
MASSIVE DAMAGE!!
You hit the hound but do no damage.
The hound is heavily wounded.
The hound bites you but does no damage. The hound barely misses you.
You hit the hound.
The hound is severely wounded.
The hound misses you. The hound bites you.
* * * LOW HITPOINT WARNING * * *
You take 3 damage, and have 4/18 hp.
You barely miss the hound.
The hound is severely wounded.
The hound barely misses you. The hound bites you but does no damage.
You hit the hound.
The hound is almost dead.
The hound barely misses you. The hound completely misses you.
You completely miss the hound.
The hound is almost dead.
The hound bites you.
* * * LOW HITPOINT WARNING * * *
The hound closely misses you.
You take 3 damage, and have 1/18 hp.
You hit the hound but do no damage.
The hound is almost dead.
The hound bites you.
You die...

##. #######
##..#........
#.............
.............
............
#...........
#...........
#@.........
#.h........
#.....$....
#.#........
#.##.......
#.# #......
#.# #..... .
#.# ####. .F
#.# #


You could see a hound.

Vanquished Creatures
  An orc (D:3)
  A hobgoblin (D:3)
  3 bats (D:3)
5 creatures vanquished.

Vanquished Creatures (others)
  A plant (D:4)
  8 toadstools (D:4)
9 creatures vanquished.

Grand Total: 14 creatures vanquished

Notes
Turn   | Place    | Note
-------+----------+-------------------------------------------
     0 | D:5      | jasper the Demonspawn Delver began the quest for the Orb.
     0 | D:5      | Reached XP level 1. HP: 18/18 MP: 1/1
    45 | D:4      | Noticed a scorpion
   379 | D:4      | Noticed a worker ant
   388 | D:4      | Noticed a bullfrog
   406 | D:4      | Noticed a hound
   418 | D:4      | Slain by a hound

Illustrated notes

Levels and vault maps discovered:
D:3:      layout_basic, chequers_ecumenical_altar_simple,
          kennysheep_generic_room_11
D:4:      cheibrodos_fertilizer, layout_cave_pods,
          nicolae_overflow_hidden_temple, nicolae_gozag_conspicuous_consumption,
          serial_bayou, serial_bayou_lagoon_a, serial_bayou_shore_b,
          serial_bayou_ford_a, serial_shops, shop_fountains,
          nicolae_shop_waterfront
D:5:      layout_loops_ring, temple_doors_ab, cheibrodos_gnoll_hut

Skill      XL: |  1 |
---------------+----+-----
Axes           | 2 |  2.0
Fighting       | |  3.0
Armour         | |  0.2
Dodging        | |  1.8
Stealth        | |  4.5
Shields        | |  0.2

Action                   || total
-------------------------++-------
Melee: Hand axe          ||    33
Evoke: Wand              ||     2
  Use: Scroll            ||     1
       Potion            ||     1
Armor: Leather armour    ||    14
Dodge: Dodged            ||    28
Block: Buckler           ||    11

Table legend: (Time is in decaauts)
 A = Elapsed time spent in this place.
 B = Non-inter-level travel time spent in this place.
 C = Inter-level travel time spent in this place.
 D = Time resting spent in this place.
 E = Time spent auto-exploring this place.
 F = Levels seen in this place.
 G = Mean time per level.
                   A        B        C        D        E       F      G
               +--------+--------+--------+--------+--------+-----+--------+
         Total |    409 |    402 |      7 |    197 |     23 |   3 |  136.3 |
       Dungeon |    409 |    402 |      7 |    197 |     23 |   3 |  136.3 |
               +--------+--------+--------+--------+--------+-----+--------+

Top non-repeatable levels by time:
     D:3: 319 daAuts
     D:4: 58 daAuts
     D:5: 32 daAuts
